 Dungeon Crawl Stone Soup version 0.28.0-43-g3370ac3207 (webtiles) character file.

Game seed: 18050533237557795921

222 rlgrobin the Firebug (level 5, 0/32 HPs)
             Began as a Gargoyle Cinder Acolyte on Mar 4, 2022.
             Was a High Priest of Ignis.
             Frozen to death by an endoplasm (2 damage)
             ... on level 4 of the Dungeon.
             The game lasted 00:05:55 (4647 turns).

rlgrobin the Firebug (Gargoyle Cinder Acolyte)      Turns: 4647, Time: 00:05:56

Health: 0/32       AC: 17    Str: 19    XL:     5   Next: 99%
Magic:  1/9        EV: 10    Int: 15    God:    Ignis [*****.]
Gold:   94         SH:  0    Dex:  5    Spells: 8/10 levels left

rFire   + . .      SeeInvis .   a - -1 mace (flame)
rCold   . . .      Faith    .   (no shield)
rNeg    + . .      Spirit   .   g - +0 ring mail
rPois   ∞          Reflect  .   (no helmet)
rElec   +          Harm     .   (no cloak)
rCorr   .          Rampage  .   k - +0 pair of gloves
Will    .....                   (no boots)
Stlth   ..........              (no amulet)
HPRegen 0.10/turn               (no ring)
MPRegen 0.11/turn               (no ring)

@: fiery-armoured
A: sickness immunity, AC +4, negative energy resistance 1, electricity
resistance, torment resistance 1, petrification resistance
a: Renounce Religion, Fiery Armour, Foxfire Swarm, Rising Flame


You were on level 4 of the Dungeon.
You worshipped Ignis.
Ignis was extremely pleased with you.
You visited 1 branch of the dungeon, and saw 4 of its levels.

You collected 94 gold pieces.

Inventory:

Hand Weapons
 a - a -1 mace of flaming (weapon)
Missiles
 i - 2 poisoned darts (quivered)
Armour
 g - a +0 ring mail (worn)
 k - a +0 pair of gloves (worn)
 p - a +0 scale mail
Magical Staves
 j - a staff of death
Scrolls
 e - 2 scrolls of identify {unknown}
 f - a scroll of enchant armour {unknown}
 h - a scroll of enchant weapon {unknown}
 m - a scroll of vulnerability {unknown}
 o - a scroll of silence {unknown}
 r - a scroll of holy word {unknown}
Potions
 b - a potion of lignification {unknown}
 c - 3 potions of curing {unknown}
 d - 3 potions of heal wounds {unknown}
 l - a potion of haste {unknown}
 n - a potion of mutation {unknown}
 q - a potion of magic {unknown}


   Skills:
 - Level 3.2 Fighting
 - Level 3.0 Maces & Flails
 + Level 2.9 Armour
 + Level 3.1 Spellcasting
 + Level 4.5 Fire Magic


You had 8 spell levels left.
You knew the following spells:

 Your Spells              Type           Power      Damage    Failure   Level
a - Scorch                Fire           32%        2d6       8%          2

Your spell library contained the following spells:

 Spells                   Type           Power      Damage    Failure   Level


Dungeon Overview and Level Annotations

Branches:
Dungeon (4/15)
 Temple: D:4-7

Altars:
Elyvilon
Hepliaklqana
Ru

Shops:
D:1 *!:


Innate Abilities, Weirdness & Mutations

You are immune to sickness and miasma.
Your stone body is resilient. (AC +4)
You are immune to poison.
You resist negative energy. (rN+)
You are resistant to electric shocks. (rElec)
You are resistant to unholy torment.
You are immune to petrification.


Message History

Flames lash the goblin.
The goblin is severely wounded.
The goblin's fire resistance burns away.
Robin hits you with a +0 whip.
* * * LOW HITPOINT WARNING * * *
Robin is burned by your cloak of flames.
Robin is severely wounded.
The goblin barely misses you.
You take 3 damage, and have 5/32 hp.
Casting: Scorch (safe; 8% risk of failure)
Confirm with . or Enter, or press ? or * to list all spells.
Flames lash the hobgoblin.
You kill the hobgoblin!
Robin hits you but does no damage.
Robin is burned by your cloak of flames.
Robin is almost dead.
The goblin hits you but does no damage.
The goblin is burned terribly!
The goblin is burned by your cloak of flames.
You kill the goblin!
Casting: Scorch (safe; 8% risk of failure)
Confirm with . or Enter, or press ? or * to list all spells.
Flames lash Robin.
You kill Robin!
* * * LOW MAGIC WARNING * * *
The endoplasm closely misses you.
You hit the endoplasm but do no damage.
The endoplasm hits you but does no damage.
The endoplasm is burned by your cloak of flames.
The endoplasm is almost dead.
You hit the endoplasm but do no damage.
The endoplasm is almost dead.
The endoplasm barely misses you.
You hit the endoplasm but do no damage.
The endoplasm is almost dead.
The endoplasm freezes you.
You are frozen.
* * * LOW HITPOINT WARNING * * *
The endoplasm freezes you.
You are frozen.
You die...

##### ########
##########...# #.......
#.....)@)....####.######
#.######J.............##
#.# ##...#####.###.##
#.# ##.## #.# #.##
####.#### #># #<###.##
#.......# #.# #.......
#.##.##.# #+# #####.##
#.##.##.# #.# #.....#.#
#.#


You could see an endoplasm.

Vanquished Creatures
  A human zombie (D:4)
  Natasha (thrice) (D:3)
  Robin (D:4)
  2 adders (D:3)
  2 worms (D:3)
  2 dart slugs
  An orc (D:3)
  5 ball pythons
  11 bats
  4 endoplasms
  2 giant cockroaches
  15 goblins
  6 hobgoblins
  9 kobolds
  A quokka (D:4)
  2 frilled lizards
  10 rats
77 creatures vanquished.

Notes
Turn   | Place    | Note
-------+----------+-------------------------------------------
     0 | D:1      | rlgrobin the Gargoyle Cinder Acolyte began the quest for
                  | the Orb.
     0 | D:1      | Reached XP level 1. HP: 14/14 MP: 2/2
    60 | D:1      | Reached XP level 2. HP: 19/19 MP: 4/4
    63 | D:1      | Learned a level 2 spell: Scorch
   100 | D:1      | Found Urphi's General Store.
   372 | D:1      | Found a faded altar of an unknown god.
   583 | D:1      | Found Wiugettir's Distillery.
   621 | D:1      | Found Putarec's Book Shoppe.
   914 | D:2      | Found a hazy altar of Hepliaklqana.
   934 | D:2      | Reached XP level 3. HP: 20/23 MP: 5/5
  1612 | D:2      | Reached skill level 1 in Armour
  2322 | D:3      | Noticed Natasha
  2328 | D:3      | Killed Natasha
  2329 | D:3      | Reached XP level 4. HP: 28/28 MP: 0/7
  2786 | D:3      | Found a sacrificial altar of Ru.
  2840 | D:3      | Reached skill level 4 in Fire Magic
  3190 | D:3      | Noticed Natasha
  3194 | D:3      | Killed Natasha
  3195 | D:3      | Reached XP level 5. HP: 32/32 MP: 1/9
  4306 | D:3      | Noticed Natasha
  4311 | D:3      | Killed Natasha
  4502 | D:4      | Found a white marble altar of Elyvilon.
  4526 | D:4      | Noticed Robin
  4644 | D:4      | Killed Robin
  4647 | D:4      | HP: 2/32 [frozen (3)]
  4647 | D:4      | Frozen to death by an endoplasm

Illustrated notes

Levels and vault maps discovered:
D:1:      dpeg_arrival_leaves_temple_mockup, layout_basic, serial_shops,
          nicolae_shop_stone, shop_statue, shop,
          hellmonk_ecumenical_altar_run_dry
D:2:      layout_basic, basic_altar, chequers_hall_statues_y,
          minmay_randomly_rotated_circles
D:3:      minmay_chambers_of_threes, layout_loops_cross, general_overflow_altar,
          uniq_natasha
D:4:      layout_loops_corners, fedhas_ov_isle_minmay, elyvilon_altar_5,
          kennysheep_slug_shrine, dk_yredelemnul_ordeal, uniq_robin

Skill      XL: |  1  2  3  4  5 |
---------------+----------------+-----
Spellcasting   | 2 3 |  3.1
Armour         | 1 2 |  2.9
Fire Magic     | 4 |  4.5
Fighting       | |  3.2
Maces & Flails | |  3.0

Action                   |  1- 3 |  4- 6 || total
-------------------------+-------+-------++-------
Melee: Mace              |   106 |    95 ||   201
 Cast: Scorch            |     5 |    22 ||    27
Invok: Fiery Armour      |       |     1 ||     1
Armor: Robe              |    22 |       ||    22
       Ring mail         |    41 |    82 ||   123
Dodge: Dodged            |    76 |    74 ||   150
